 Dungeon Crawl Stone Soup version 0.28-a0-1033-g1a2f33fa85 (webtiles) character file.

Game seed: 14064072059842204235

6 ytrimaz the Insei (level 1, 0/16 HPs)
             Began as a Demigod Transmuter on Dec 7, 2021.
             Slain by a bat (1 damage)
             ... on level 1 of the Dungeon.
             The game lasted 00:00:27 (70 turns).

ytrimaz the Insei (Demigod Transmuter)                Turns: 70, Time: 00:00:27

Health: 0/16       AC:  2    Str: 11    XL:     1   Next: 60%
Magic:  5/5        EV: 12    Int: 15    God:
Gold:   0          SH:  0    Dex: 14    Spells: 2/3 levels left

rFire   . . .      SeeInvis .     - Unarmed
rCold   . . .      Faith    .   (no shield)
rNeg    . . .      Spirit   .   a - +0 robe
rPois   .          Reflect  .   (no helmet)
rElec   .          Harm     .   (no cloak)
rCorr   .          Rampage  .   (no gloves)
Will    .....                   (no boots)
Stlth   +.........              (no amulet)
HPRegen 0.05/turn               (no ring)
MPRegen 0.09/turn               (no ring)

@: no status effects
A: high mp 1, forlorn, divine attributes
a: no special abilities


You were on level 1 of the Dungeon.
You visited 1 branch of the dungeon, and saw 1 of its levels.

Inventory:

Armour
 a - a +0 robe (worn)
Potions
 b - a potion of lignification {unknown}


   Skills:
 * Level 1.0 Fighting
 - Level 1.7 Dodging
 + Level 2.8 Unarmed Combat
 * Level 1.9 Spellcasting
 * Level 1.9 Transmutations


You had 2 spell levels left.
You knew the following spells:

 Your Spells              Type           Power      Damage    Failure   Level
a - Beastly Appendage     Tmut           14%        N/A       11%         1

Your spell library contained the following spells:

 Spells                   Type           Power      Damage    Failure   Level
 Wereblood                Tmut           7%         N/A       16%         2
 Spider Form              Tmut/Pois      4%         N/A       41%         3
 Ice Form                 Ice/Tmut       4%         N/A       83%         4


Dungeon Overview and Level Annotations

Branches:
Dungeon (1/15)


Innate Abilities, Weirdness & Mutations

You have an increased reservoir of magic. (+10% MP)
You shall have no god before yourself.
Your divine heritage dramatically boosts your attributes as you level up.


Message History

You closely miss the jackal.
The jackal is severely wounded.
The bat hits you.
* * * LOW HITPOINT WARNING * * *
The jackal closely misses you. The bat hits you but does no damage.
The jackal misses you.
Unknown command.
You closely miss the jackal. You claw the jackal, but do no damage.
You headbutt the jackal.
You kill the jackal!
Your horns disappear.
Your talons disappear.
The bat hits you.
* * * LOW HITPOINT WARNING * * *
You completely miss the jackal. The bat hits you but does no damage.
The jackal barely misses you. The bat hits you.
* * * LOW HITPOINT WARNING * * *
Unknown command.
You hit the jackal.
The jackal is moderately wounded.
The bat closely misses you. The jackal closely misses you.
The bat hits you but does no damage. The jackal bites you.
* * * LOW HITPOINT WARNING * * *
You closely miss the jackal.
The jackal is moderately wounded.
The bat hits you but does no damage. The jackal misses you.
Unknown command.
You hit the jackal but do no damage.
The jackal is moderately wounded.
The bat misses you. The jackal closely misses you.
Unknown command.
You are too injured to fight recklessly!
Unknown command.
You hit the jackal.
The jackal is almost dead.
The jackal misses you. The bat misses you.
The jackal bites you but does no damage.
You hit the jackal.
You kill the jackal!
The bat hits you.
You die...

##+# ## ..... ...###.
#######......
#.......##...b@†......
#.......+....###......
.......##...# ..... #
#..........# ##+#
#.#........#.###
##.#............#
.............#.#.#
.....#......#.....
........†.........#


You could see a bat.

Vanquished Creatures
  An endoplasm (D:1)
  A hobgoblin (D:1)
  3 jackals (D:1)
  A ball python (D:1)
6 creatures vanquished.

Notes
Turn   | Place    | Note
-------+----------+-------------------------------------------
     0 | D:1      | ytrimaz the Demigod Transmuter began the quest for the Orb.
     0 | D:1      | Reached XP level 1. HP: 15/15 MP: 5/5
    61 | D:1      | Reached skill level 1 in Fighting
    70 | D:1      | Slain by a bat

Illustrated notes

Levels and vault maps discovered:
D:1:      amcnicky_arrival_wind_blow, layout_basic

Skill      XL: |  1 |
---------------+----+-----
Fighting       | 1 |  1.0
Dodging        | |  1.7
Unarmed Combat | |  2.8
Spellcasting   | |  1.9
Transmutations | |  1.9

Action                   || total
-------------------------++-------
Melee: Unarmed           ||    25
       Kick              ||     4
       Headbutt          ||     2
 Cast: Beastly Appendage ||     3
Armor: Robe              ||     7
Dodge: Dodged            ||    26

Table legend: (Time is in decaauts)
 A = Elapsed time spent in this place.
 B = Non-inter-level travel time spent in this place.
 C = Inter-level travel time spent in this place.
 D = Time resting spent in this place.
 E = Time spent auto-exploring this place.
 F = Levels seen in this place.
 G = Mean time per level.
                   A        B        C        D        E       F      G
               +--------+--------+--------+--------+--------+-----+--------+
         Total |     69 |     69 |      0 |      0 |     37 |   1 |   69.0 |
       Dungeon |     69 |     69 |      0 |      0 |     37 |   1 |   69.0 |
               +--------+--------+--------+--------+--------+-----+--------+

Top non-repeatable levels by time:
     D:1: 69 daAuts
